 Dungeon Crawl Stone Soup version 0.31-a0-157-g0643eb4156 (webtiles) character file.

Game seed: 5301560533668835048

61531 qw the Peltast (level 15, -10/92 HPs)
             Began as a Gargoyle Fighter on June 12, 2023.
             Was an Elder of Okawaru.
             Killed from afar by a deep elf pyromancer (28 damage)
             ... with a bolt of fire
             ... on level 12 of the Dungeon.
             The game lasted 00:10:18 (19459 turns).

qw the Peltast (Gargoyle Fighter)                  Turns: 19459, Time: 00:10:19

Health: -10/92     AC: 58    Str: 28    XL:     15   Next: 3%
Magic:  21/22      EV:  7    Int: 11    God:    Okawaru [****..]
Gold:   720        SH: 20    Dex:  9    Spells: 14/14 levels left

rFire   . . .        Y - +1 broad axe (heavy)
rCold   + . .        u - +0 tower shield
rNeg    + . .        w - +8 orange crystal plate armour {Archmagi, Int+3 Clar}
rPois   inf          f - +2 helmet
rElec   +            s - scarf {repulsion}
rCorr   .            e - +2 pair of gloves
SInv    .            l - +1 pair of boots
Will    +....        p - amulet of faith Stlth
                     i - ring of protection from cold
HPRegen 0.35/turn    r - +4 ring of protection
MPRegen 0.18/turn

%: repel missiles, clarity, faith, archmagi
@: heroic, flying
A: sickness immunity, AC +11, big wings, negative energy resistance 1,
electricity resistance, torment resistance 1, petrification resistance
a: Renounce Religion, Heroism, Finesse


You were on level 12 of the Dungeon.
You worshipped Okawaru.
Okawaru was greatly pleased with you.
You visited 3 branches of the dungeon, and saw 18 of its levels.
You also visited: Ossuary.

You collected 1066 gold pieces.
You spent 346 gold pieces at shops.


Innate Abilities, Weirdness & Mutations

You are immune to sickness and miasma.
Your stone body is resilient. (AC +11)
You are immune to poison.
Your large and strong wings let you fly.
You resist negative energy. (rN+)
You are resistant to electric shocks. (rElec)
You are resistant to unholy torment.
You are immune to petrification.


   Skills:
 - Level 10.0(15.0) Fighting
 + Level 13.7(18.7) Axes
 - Level 4.0(9.0) Throwing
 - Level 12.0(17.0) Armour
 - Level 2.1(7.1) Dodging
 - Level 15.0(20.0) Shields
 - Level 10.0 Invocations


You had 14 spell levels left.
You didn't know any spells.
Your spell library was empty.

Inventory:

Hand Weapons
 b - a +1 morningstar
 y - a +2 eveningstar of draining
 Y - a +1 heavy broad axe (weapon)
Missiles
 q - 3 javelins (quivered)
 v - 2 boomerangs
Armour
 e - a +2 pair of gloves (worn)
 f - a +2 helmet (worn)
 l - a +1 pair of boots (worn)
 s - a scarf of repulsion (worn)
 u - a +0 tower shield (worn)
 w - the +8 orange crystal plate armour (worn) {Archmagi, Int+3 Clar}
   (Okawaru gifted it to you on level 5 of the Lair of Beasts)

   Int:       It affects your intelligence (+3).
   Clar:      It protects you from confusion, rage, mesmerisation and fear.
 x - a +0 cloak
Jewellery
 a - an amulet of reflection
 c - a ring of protection from cold
 i - a ring of protection from cold (left hand)
 p - an amulet of faith (around neck)
 r - a +4 ring of protection (right hand)
Scrolls
 j - 14 scrolls of identify
 m - 9 scrolls of teleportation
Potions
 d - 4 potions of might
 g - 4 potions of mutation
 h - 4 potions of cancellation
 k - 7 potions of curing
 n - 2 potions of heal wounds
 o - 2 potions of resistance
 t - a potion of attraction

Dungeon Overview and Level Annotations

Branches:
Dungeon (12/15)            Temple (1/1) D:5            Lair (5/5) D:9
 Shoals (0/4) Lair:2       Spider (0/4) Lair:3        Slime (0/5) Lair:5
    Orc (0/2) D:10        Ossuary (visited)

Altars:
Ashenzari
Cheibriados
Dithmenos
Elyvilon
Fedhas
Gozag
Hepliaklqana
Kikubaaqudgha
Makhleb
Nemelex Xobeh
Okawaru
Qazlal
Ru
Sif Muna
Trog
Uskayaw
Vehumet
Wu Jian
Xom
Yredelemnul
Zin
The Shining One
Jiyva

Shops:
D:4 (   D:5 ?   D:6 *   D:7 [

Annotations:
D:6 exclusion: dart slug
D:9 3 runed translucent doors, qw's ghost, novice MiHu
D:10 1 runed translucent door, qw's ghost, journeyman GrFi
Lair:2 3 runed translucent doors, qw's ghost, journeyman MiHu
Lair:3 exclusion: 3 orb spiders


Message History

You reach down and open the door.
There is an open door here.
g - 4 potions of mutation (gained 1)
There is an open door here.
There is an open door here.
A deep elf pyromancer comes into view. It is wielding a +0 long sword.
The deep elf pyromancer shouts!
Found 14 gold pieces.
Found a stone staircase leading down.
Found a scroll of enchant weapon.
The deep elf pyromancer casts a spell at you.
The bolt of fire hits you!!!
19453 ||| INVOKING Heroism.
You gain the combat prowess of a mighty hero.
You can no longer enter into single combat with a foe.
Okawaru will no longer gift you equipment.
The deep elf pyromancer points at you and mumbles some strange words.
The bolt of fire hits you!!
A troll comes into view.
The troll shouts!
You hear an angry buzzing noise.
You completely miss the deep elf pyromancer.
You block the deep elf pyromancer's attack.
You barely miss the deep elf pyromancer.
You block the deep elf pyromancer's attack.
You slice the deep elf pyromancer!!
The deep elf pyromancer is severely wounded.
You block the deep elf pyromancer's attack.
You barely miss the deep elf pyromancer.
The deep elf pyromancer is severely wounded.
The deep elf pyromancer hits you but does no damage.
You barely miss the deep elf pyromancer.
The deep elf pyromancer is severely wounded.
You barely miss the troll.
You block the deep elf pyromancer's attack.
The troll bites you but does no damage. The troll claws you.
The troll completely misses you. The troll bites you!
You block the troll's attack. The troll barely misses you.
The deep elf pyromancer points at you and mumbles some strange words.
The bolt of fire hits you!!
You die...

..................##
.....................##
......................##
.......................#
........................
....../.................
.......................)
.?....T..............)..
..$...e@................
........................
..>.....................
........................
........................
........................
........................
........................
.....


You could see a deep elf pyromancer and a troll.

Vanquished Creatures
  Rupert (Lair:4)
  Gastronok (D:8)
  4 dire elephants (Lair:5)
  4 hydras
  A catoblepas (Lair:1)
  2 death yaks (Lair:5)
  5 two-headed ogres
  A boulder beetle (Lair:5)
  A tengu warrior (D:10)
  A centaur warrior (D:10)
  Sonja (Lair:4)
  A spectral death yak (Lair:5)
  2 skysharks
  A spectral anaconda (Lair:5)
  An obsidian statue (Lair:5)
  2 deep elf pyromancers
  4 necromancers (Lair:5)
  An oklob plant (D:12)
  An ugly thing (D:10)
  A wolf spider (Lair:5)
  3 manticores
  14 elephants
  2 cyclopes
  Joseph (D:8)
  5 black mambas
  A torpor snail (Lair:4)
  14 cane toads
  4 unseen horror zombies (D:9)
  A gargoyle (D:10)
  10 komodo dragons
  3 rime drakes (Lair:5)
  3 polar bears
  2 trolls
  2 merfolk (Lair:2)
  3 hornets
  7 dream sheep (Lair:5)
  13 blink frogs
  A slime creature (D:10)
  Sigmund (D:2)
  48 yaks
  3 basilisks
  5 wraiths
  4 wyverns
  5 shadows
  A human (D:10)
  3 steam dragons
  A vampire mosquito (D:10)
  2 wargs (D:10)
  Edmund (D:4)
  A water moccasin (shapeshifter) (D:10)
  11 water moccasins
  2 sky beasts
  3 ice beasts
  A black bear (D:4)
  2 orc warriors
  2 centaurs
  4 wolves (Lair:1)
  An elephant skeleton (Lair:5)
  A phantom (D:6)
  2 elf zombies (Ossuary)
  4 kobold brigands
  A wyvern zombie (D:9)
  2 gnoll sergeants
  9 bullfrogs
  A scorpion (D:5)
  A cane toad simulacrum (Lair:5)
  10 wights (D:8)
  An oklob sapling (D:12)
  9 killer bees
  9 electric eels
  3 howler monkeys
  2 centaur zombies (D:9)
  4 hounds (D:5)
  13 jellies
  8 orc priests
  2 sleepcaps
  Jessica (D:2)
  5 iguanas
  4 orc wizards
  A hound zombie (Ossuary)
  4 mummies (Ossuary)
  2 howler monkey zombies (D:9)
  16 gnolls
  9 adders
  2 white imps
  An ufetubus (D:4)
  A worm (D:2)
  4 dart slugs
  25 orcs
  19 ball pythons
  7 bats
  6 endoplasms
  3 giant cockroaches
  5 goblins
  8 hobgoblins
  5 jackals
  26 kobolds
  3 quokkas
  8 frilled lizards
  A gnoll zombie (Ossuary)
  2 goblin zombies
  A hobgoblin zombie (Ossuary)
  4 jackal zombies (Ossuary)
  A kobold zombie (Ossuary)
  An orc zombie (Ossuary)
  3 rats
  A rat zombie (D:5)
487 creatures vanquished.

Notes
Turn   | Place    | Note
-------+----------+-------------------------------------------
     0 | D:1      | qw the Gargoyle Fighter began the quest for the Orb.
     0 | D:1      | Reached XP level 1. HP: 14/14 MP: 1/1
     0 | D:1      | 0 ||| qw: Version: 0.2-a-29-gc1b59c4
     0 | D:1      | 0 ||| qw: Game counter: 4141
     0 | D:1      | 0 ||| qw: Always use a shield: true
     0 | D:1      | 0 ||| qw: God list: Okawaru
     0 | D:1      | 0 ||| qw: Allow faded altars: false
     0 | D:1      | 0 ||| qw: Do Orc after D:15 true
     0 | D:1      | 0 ||| qw: Do second Lair branch before Depths: true
     0 | D:1      | 0 ||| qw: Lair rune preference: random
     0 | D:1      | 0 ||| qw: Plans: Normal, Zot:1-4, Slime:5, God:TSO, Crypt,
                  | Tomb, Abyss, Pan, Hells, Win
     0 | D:1      | 0 ||| PLANNING D:1-11
    68 | D:1      | 68 ||| Stepping ~*~*~tactically~*~*~ (stealth).
    80 | D:1      | Reached XP level 2. HP: 19/19 MP: 2/2
   119 | D:1      | 119 ||| FLEEEEING.
   120 | D:1      | 120 ||| FLEEEEING.
   121 | D:1      | 121 ||| FLEEEEING.
   122 | D:1      | 122 ||| FLEEEEING.
   123 | D:1      | 123 ||| FLEEEEING.
   124 | D:1      | 124 ||| FLEEEEING.
   125 | D:1      | 125 ||| FLEEEEING.
   126 | D:1      | 126 ||| FLEEEEING.
   127 | D:1      | 127 ||| FLEEEEING.
   128 | D:1      | 128 ||| FLEEEEING.
   129 | D:1      | 129 ||| FLEEEEING.
   130 | D:1      | 130 ||| FLEEEEING.
   131 | D:1      | 131 ||| FLEEEEING.
   132 | D:1      | 132 ||| FLEEEEING.
   133 | D:1      | 133 ||| FLEEEEING.
   134 | D:1      | 134 ||| FLEEEEING.
   135 | D:1      | 135 ||| FLEEEEING.
   136 | D:1      | 136 ||| FLEEEEING.
   137 | D:1      | 137 ||| FLEEEEING.
   138 | D:1      | 138 ||| FLEEEEING.
   139 | D:1      | 139 ||| FLEEEEING.
   140 | D:1      | 140 ||| FLEEEEING.
   141 | D:1      | 141 ||| FLEEEEING.
   142 | D:1      | 142 ||| FLEEEEING.
   143 | D:1      | 143 ||| FLEEEEING.
   144 | D:1      | 144 ||| FLEEEEING.
   172 | D:1      | Reached skill level 3 in Axes
   220 | D:1      | Reached XP level 3. HP: 23/23 MP: 3/3
   331 | D:1      | 331 ||| Stepping ~*~*~tactically~*~*~ (hiding).
   542 | D:1      | 542 ||| DROPPING +0 club.
   543 | D:1      | 543 ||| Stepping ~*~*~tactically~*~*~ (stealth).
   808 | D:1      | 808 ||| UPGRADING to +0 pair of gloves.
   813 | D:1      | 813 ||| DROPPING amulet of magic regeneration.
   852 | D:2      | Noticed Sigmund
   866 | D:2      | 866 ||| STAIRDANCE
   908 | D:2      | Killed Sigmund
   909 | D:2      | Reached XP level 4. HP: 9/28 MP: 4/4
   909 | D:2      | Reached XP level 5. HP: 11/32 MP: 5/5
  1063 | D:2      | 1063 ||| Stepping ~*~*~tactically~*~*~ (stealth).
  1124 | D:2      | Reached XP level 6. HP: 37/37 MP: 6/6
  1160 | D:2      | 1160 ||| Stepping ~*~*~tactically~*~*~ (hiding).
  1357 | D:2      | Noticed Jessica
  1358 | D:2      | 1358 ||| Stepping ~*~*~tactically~*~*~ (hiding).
  1363 | D:2      | 1363 ||| Stepping ~*~*~tactically~*~*~ (hiding).
  1365 | D:2      | 1365 ||| Stepping ~*~*~tactically~*~*~ (hiding).
  1373 | D:2      | 1373 ||| Stepping ~*~*~tactically~*~*~ (hiding).
  1381 | D:2      | Killed Jessica
  1619 | D:2      | 1619 ||| Stepping ~*~*~tactically~*~*~ (stealth).
  1620 | D:2      | 1620 ||| Stepping ~*~*~tactically~*~*~ (stealth).
  1621 | D:2      | 1621 ||| Stepping ~*~*~tactically~*~*~ (stealth).
  1623 | D:2      | 1623 ||| Stepping ~*~*~tactically~*~*~ (stealth).
  1821 | D:2      | Reached skill level 1 in Dodging
  1893 | D:2      | 1893 ||| DROPPING +0 mace.
  1940 | D:2      | 1940 ||| UPGRADING to +1 helmet.
  1945 | D:2      | 1945 ||| UPGRADING to ring of protection from cold.
  1946 | D:2      | 1946 ||| READING scroll labelled MAMUDOCOFAS.
  1947 | D:2      | 1947 ||| READING 3 scrolls labelled MOT NOYROATOIG.
  1948 | D:2      | 1948 ||| READING 2 scrolls of identify.
  1948 | D:2      | 1948 ||| IDENTIFYING fuming green potion
  2077 | D:3      | Found a sacrificial altar of Ru.
  2091 | D:3      | 2091 ||| Stepping ~*~*~tactically~*~*~ (stealth).
  2237 | D:3      | Found an opulent altar of Gozag.
  2359 | D:3      | Found a bloodstained altar of Trog.
  2373 | D:3      | Found a shimmering altar of Xom.
  2376 | D:3      | Found a hazy altar of Hepliaklqana.
  2379 | D:3      | Found a broken altar of Ashenzari.
  2516 | D:3      | 2516 ||| READING 3 scrolls labelled MUD XOS PEKLA.
  2520 | D:3      | 2520 ||| READING 2 scrolls of identify.
  2520 | D:3      | 2520 ||| IDENTIFYING brown potion
  2521 | D:3      | 2521 ||| DROPPING potion of berserk rage.
  2583 | D:4      | Noticed a black bear
  2594 | D:4      | Killed a black bear
  2595 | D:4      | Reached skill level 6 in Axes
  2598 | D:4      | 2598 ||| DROPPING +0 flail.
  2704 | D:4      | Reached XP level 7. HP: 43/43 MP: 7/7
  2974 | D:4      | Found Corast's Weapon Shoppe.
  2985 | D:4      | 2985 ||| BUYING +1 war axe of flaming (172 gold).
  2985 | D:4      | Bought a +1 war axe of flaming for 172 gold pieces
  2985 | D:4      | 2985 ||| SWAPPING to +1 war axe of flaming.
  2986 | D:4      | 2986 ||| DROPPING +1 flail of venom.
  2987 | D:4      | 2987 ||| DROPPING +0 war axe.
  3217 | D:4      | 3217 ||| UPGRADING to +0 pair of boots.
  3222 | D:4      | 3222 ||| READING scroll labelled QIZIOXKIETT.
  3223 | D:4      | 3223 ||| DRINKING 2 metallic golden potions.
  3247 | D:5      | Entered Level 5 of the Dungeon
  3248 | D:5      | 3248 ||| PLANNING OSSUARY
  3249 | D:5      | 3249 ||| STAIRDANCE
  3273 | D:5      | Noticed Edmund
  3280 | D:5      | 3280 ||| STAIRDANCE
  3285 | D:4      | HP: 10/43 [Edmund/+1 heavy flail (11)]
  3286 | D:4      | 3286 ||| READING 2 scrolls of teleportation.
  3287 | D:4      | HP: 3/43 [Edmund/+1 heavy flail (7)]
  3451 | D:4      | Killed Edmund
  3462 | D:5      | 3462 ||| STAIRDANCE
  3609 | D:5      | 3609 ||| SWAPPING to +2 war axe of flaming.
  3610 | D:5      | 3610 ||| DROPPING +1 war axe of flaming.
  3640 | D:5      | Found a sand-covered staircase.
  3641 | D:5      | 3641 ||| UPGRADING to amulet of reflection.
  3646 | D:5      | 3646 ||| UPGRADING to amulet of faith.
  3656 | D:5      | 3656 ||| DRINKING 2 pink potions.
  3657 | D:5      | 3657 ||| DROPPING potion of brilliance.
  3671 | Ossuary  | Entered an ossuary
  3693 | Ossuary  | Reached XP level 8. HP: 49/49 MP: 8/8
  3859 | Ossuary  | 3859 ||| READING scroll labelled ARAF NOSACK.
  3860 | Ossuary  | 3860 ||| READING 3 scrolls labelled FOCWUB FOISAICS.
  3861 | Ossuary  | 3861 ||| READING scroll labelled SAKOAK JEDOE.
  3862 | Ossuary  | 3862 ||| DRINKING 2 sedimented coppery potions.
  3863 | Ossuary  | 3863 ||| READING 2 scrolls of identify.
  3863 | Ossuary  | 3863 ||| IDENTIFYING fuming puce potion
  3864 | Ossuary  | 3864 ||| DROPPING 2 scrolls of blinking.
  3865 | Ossuary  | 3865 ||| DROPPING potion of degeneration.
  3879 | D:5      | 3879 ||| PLANNING D:1-11
  3900 | D:5      | Found Qeistant's Magic Scroll Boutique.
  3908 | D:5      | 3908 ||| BUYING scroll of enchant armour (90 gold).
  3908 | D:5      | Bought a scroll of enchant armour for 90 gold pieces
  3908 | D:5      | 3908 ||| SHOPLISTING scroll of enchant armour (90 gold,
                  | have 86).
  3908 | D:5      | 3908 ||| BUYING scroll of identify (24 gold).
  3908 | D:5      | Bought a scroll of identify for 24 gold pieces
  3908 | D:5      | 3908 ||| BUYING scroll of identify (24 gold).
  3908 | D:5      | Bought a scroll of identify for 24 gold pieces
  3908 | D:5      | 3908 ||| BUYING scroll of teleportation (36 gold).
  3908 | D:5      | Bought a scroll of teleportation for 36 gold pieces
  3908 | D:5      | 3908 ||| READING scroll of enchant armour.
  3908 | D:5      | 3908 ||| ENCHANTING +0 pair of gloves.
  3918 | D:5      | Found a stormy altar of Qazlal.
  3988 | D:5      | Found a staircase to the Ecumenical Temple.
  3989 | D:5      | 3989 ||| PLANNING TEMPLE
  3989 | D:5      | 3989 ||| READING 4 scrolls of identify.
  3989 | D:5      | 3989 ||| IDENTIFYING bubbling ruby potion
  3990 | D:5      | 3990 ||| READING 3 scrolls of identify.
  3990 | D:5      | 3990 ||| IDENTIFYING sedimented emerald potion
  3991 | D:5      | 3991 ||| DROPPING potion of ambrosia.
  3992 | D:5      | 3992 ||| DROPPING potion of enlightenment.
  4001 | Temple   | Entered the Ecumenical Temple
  4002 | Temple   | 4002 ||| PLANNING OKAWARU WORSHIP
  4085 | Temple   | Became a worshipper of Warmaster Okawaru
  4085 | Temple   | 4085 ||| PLANNING D:1-11
  4302 | D:5      | 4302 ||| Stepping ~*~*~tactically~*~*~ (hiding).
  4351 | D:5      | Found a blossoming altar of Fedhas.
  4473 | D:5      | Reached skill level 6 in Fighting
  4479 | D:5      | Found a burning altar of Makhleb.
  4755 | D:6      | 4755 ||| FLEEEEING.
  4758 | D:6      | 4758 ||| FLEEEEING.
  4759 | D:6      | 4759 ||| FLEEEEING.
  4760 | D:6      | 4760 ||| FLEEEEING.
  4761 | D:6      | 4761 ||| FLEEEEING.
  4762 | D:6      | 4762 ||| FLEEEEING.
  4763 | D:6      | 4763 ||| FLEEEEING.
  4764 | D:6      | 4764 ||| FLEEEEING.
  4765 | D:6      | 4765 ||| FLEEEEING.
  4766 | D:6      | 4766 ||| FLEEEEING.
  4770 | D:6      | 4770 ||| FLEEEEING.
  4771 | D:6      | 4771 ||| FLEEEEING.
  4821 | D:6      | Found Qierchip's General Store.
  4824 | D:6      | 4824 ||| SHOPLISTING 2 scrolls of enchant armour (195 gold,
                  | have 27).
  4824 | D:6      | 4824 ||| SHOPLISTING scroll of acquirement (676 gold, have
                  | 27).
  4866 | D:6      | 4866 ||| Stepping ~*~*~tactically~*~*~ (hiding).
  4875 | D:6      | Reached * piety under Okawaru
  4876 | D:6      | 4876 ||| FLEEEEING.
  4877 | D:6      | 4877 ||| FLEEEEING.
  4878 | D:6      | 4878 ||| FLEEEEING.
  4881 | D:6      | 4881 ||| FLEEEEING.
  4882 | D:6      | 4882 ||| FLEEEEING.
  4883 | D:6      | 4883 ||| FLEEEEING.
  4885 | D:6      | 4885 ||| FLEEEEING.
  4886 | D:6      | 4886 ||| FLEEEEING.
  4887 | D:6      | 4887 ||| FLEEEEING.
  4888 | D:6      | 4888 ||| FLEEEEING.
  4889 | D:6      | 4889 ||| FLEEEEING.
  4890 | D:6      | 4890 ||| FLEEEEING.
  4891 | D:6      | 4891 ||| FLEEEEING.
  4892 | D:6      | 4892 ||| FLEEEEING.
  4893 | D:6      | 4893 ||| FLEEEEING.
  4896 | D:6      | 4896 ||| FLEEEEING.
  4897 | D:6      | 4897 ||| FLEEEEING.
  4898 | D:6      | 4898 ||| FLEEEEING.
  4899 | D:6      | 4899 ||| STAIRDANCE
  4920 | D:5      | 4920 ||| READING scroll labelled MAEGOY OGHIU.
  4969 | D:5      | 4969 ||| READING 2 scrolls of identify.
  4969 | D:5      | 4969 ||| IDENTIFYING inky potion
  4970 | D:5      | 4970 ||| DROPPING potion of invisibility.
  4986 | D:6      | Found a snail-covered altar of Cheibriados.
  4987 | D:6      | 4987 ||| STAIRDANCE
  5093 | D:6      | Reached skill level 1 in Invocations
  5101 | D:6      | 5101 ||| INVOKING Heroism.
  5151 | D:6      | 5151 ||| READING scroll of enchant armour.
  5151 | D:6      | 5151 ||| ENCHANTING +1 pair of gloves.
  5198 | D:6      | 5198 ||| READING scroll of enchant weapon.
  5198 | D:6      | 5198 ||| ENCHANTING +3 war axe of protection.
  5241 | D:6      | 5241 ||| Stepping ~*~*~tactically~*~*~ (stealth).
  5242 | D:6      | 5242 ||| Stepping ~*~*~tactically~*~*~ (stealth).
  5260 | D:6      | 5260 ||| Stepping ~*~*~tactically~*~*~ (stealth).
  5443 | D:6      | 5443 ||| Stepping ~*~*~tactically~*~*~ (hiding).
  5444 | D:6      | 5444 ||| Stepping ~*~*~tactically~*~*~ (hiding).
  5447 | D:6      | 5447 ||| Stepping ~*~*~tactically~*~*~ (hiding).
  5527 | D:6      | 5527 ||| Stepping ~*~*~tactically~*~*~ (stealth).
  5528 | D:6      | 5528 ||| INVOKING Heroism.
  5559 | D:6      | 5559 ||| FLEEEEING.
  5561 | D:6      | 5561 ||| FLEEEEING.
  5568 | D:6      | 5568 ||| FLEEEEING.
  5569 | D:6      | 5569 ||| FLEEEEING.
  5576 | D:6      | 5576 ||| Stepping ~*~*~tactically~*~*~ (hiding).
  5629 | D:6      | Reached skill level 9 in Axes
  5629 | D:6      | Reached XP level 9. HP: 55/55 MP: 9/11
  5702 | D:6      | Reached skill level 3 in Invocations
  5717 | D:6      | Reached skill level 4 in Shields
  5814 | D:6      | 5814 ||| UPGRADING to +0 plate armour.
  5824 | D:6      | 5824 ||| DROPPING +0 scale mail.
  5825 | D:6      | 5825 ||| DROPPING amulet of the acrobat.
  5826 | D:6      | 5826 ||| DRINKING 2 bubbling purple potions.
  5863 | D:7      | You fall into a shaft and drop 2 floors!
  5982 | D:8      | Reached ** piety under Okawaru
  5997 | D:8      | 5997 ||| DROPPING +0 club.
  6004 | D:8      | 6004 ||| Stepping ~*~*~tactically~*~*~ (hiding).
  6005 | D:8      | 6005 ||| Stepping ~*~*~tactically~*~*~ (hiding).
  6007 | D:8      | 6007 ||| Stepping ~*~*~tactically~*~*~ (hiding).
  6103 | D:7      | Reached skill level 6 in Armour
  6137 | D:7      | 6137 ||| INVOKING Heroism.
  6242 | D:7      | Reached *** piety under Okawaru
  6766 | D:7      | 6766 ||| Stepping ~*~*~tactically~*~*~ (cloud).
  6768 | D:7      | 6768 ||| Stepping ~*~*~tactically~*~*~ (cloud).
  6769 | D:7      | 6769 ||| INVOKING Heroism.
  6774 | D:7      | Reached XP level 10. HP: 63/63 MP: 10/13
  7316 | D:7      | Found Cetaogom's Antique Armour Shoppe.
  7317 | D:7      | 7317 ||| INVOKING Heroism.
  7334 | D:7      | 7334 ||| SHOPLISTING shiny buckler (232 gold, have 130).
  7334 | D:7      | 7334 ||| SHOPLISTING shiny chain mail (232 gold, have 130).
  7334 | D:7      | 7334 ||| UPGRADING to +4 ring of protection.
  7335 | D:7      | 7335 ||| READING 3 scrolls of identify.
  7335 | D:7      | 7335 ||| IDENTIFYING murky emerald potion
  7379 | D:8      | 7379 ||| INVOKING Heroism.
  7547 | D:8      | Noticed a deep elf pyromancer
  7558 | D:8      | 7558 ||| INVOKING Heroism.
  7566 | D:8      | Killed a deep elf pyromancer
  7638 | D:8      | 7638 ||| INVOKING Heroism.
  7640 | D:8      | 7640 ||| Stepping ~*~*~tactically~*~*~ (cloud).
  7649 | D:8      | Noticed a two-headed ogre
  7659 | D:8      | Killed a two-headed ogre
  7757 | D:8      | 7757 ||| READING scroll of enchant weapon.
  7757 | D:8      | 7757 ||| ENCHANTING +4 war axe of protection.
  8005 | D:8      | Noticed Gastronok
  8006 | D:8      | 8006 ||| Stepping ~*~*~tactically~*~*~ (hiding).
  8012 | D:8      | 8012 ||| INVOKING Heroism.
  8024 | D:8      | Killed Gastronok
  8024 | D:8      | Reached **** piety under Okawaru
  8025 | D:8      | Reached skill level 6 in Shields
  8217 | D:8      | Noticed Joseph
  8231 | D:8      | Killed Joseph
  8545 | D:9      | Found a runed translucent gate.
  8546 | D:9      | Found a runed translucent gate.
  8547 | D:9      | Found a runed translucent gate.
  8547 | D:9      | Noticed qw's ghost (novice MiHu)
  8568 | D:9      | Noticed a two-headed ogre
  8569 | D:9      | 8569 ||| Stepping ~*~*~tactically~*~*~ (stealth).
  8613 | D:9      | 8613 ||| Stepping ~*~*~tactically~*~*~ (stealth).
  8617 | D:9      | 8617 ||| INVOKING Heroism.
  8627 | D:9      | Reached XP level 11. HP: 65/68 MP: 12/14
  8633 | D:9      | Killed a two-headed ogre
  8699 | D:9      | Found a staircase to the Lair.
  8730 | D:9      | Found a shimmering blue altar of Sif Muna.
  8820 | D:9      | 8820 ||| READING scroll of enchant weapon.
  8820 | D:9      | 8820 ||| ENCHANTING +5 war axe of protection.
  8909 | D:9      | Reached ***** piety under Okawaru
  8910 | D:9      | Reached skill level 6 in Invocations
  8913 | D:9      | 8913 ||| INVOKING Heroism.
  8914 | D:9      | Received a gift from Okawaru
  9245 | D:9      | Found a basalt altar of Yredelemnul.
  9344 | D:9      | Identified the +0 chain mail "Faah" {rElec rF+}
  9525 | D:9      | 9525 ||| PLANNING LAIR
  9525 | D:9      | 9525 ||| UPGRADING to scarf of repulsion.
  9555 | Lair:1   | Entered Level 1 of the Lair of Beasts
  9563 | Lair:1   | 9563 ||| Stepping ~*~*~tactically~*~*~ (stealth).
  9566 | Lair:1   | 9566 ||| Stepping ~*~*~tactically~*~*~ (stealth).
  9652 | Lair:1   | Noticed a catoblepas
  9653 | Lair:1   | 9653 ||| Stepping ~*~*~tactically~*~*~ (hiding).
  9655 | Lair:1   | 9655 ||| Stepping ~*~*~tactically~*~*~ (hiding).
  9657 | Lair:1   | 9657 ||| INVOKING Heroism.
  9659 | Lair:1   | 9659 ||| INVOKING Finesse.
  9672 | Lair:1   | Killed a catoblepas
  9673 | Lair:1   | Reached skill level 9 in Fighting
  9686 | Lair:1   | 9686 ||| Stepping ~*~*~tactically~*~*~ (stealth).
  9688 | Lair:1   | 9688 ||| Stepping ~*~*~tactically~*~*~ (stealth).
  9693 | Lair:1   | 9693 ||| Stepping ~*~*~tactically~*~*~ (stealth).
  9816 | Lair:1   | 9816 ||| INVOKING Heroism.
  9869 | Lair:1   | 9869 ||| INVOKING Heroism.
 10084 | Lair:1   | 10084 ||| Stepping ~*~*~tactically~*~*~ (stealth).
 10106 | Lair:1   | Reached skill level 9 in Invocations
 10145 | Lair:1   | 10145 ||| INVOKING Heroism.
 10156 | Lair:1   | Reached XP level 12. HP: 59/76 MP: 16/18
 10210 | Lair:1   | 10210 ||| INVOKING Heroism.
 10590 | Lair:1   | 10590 ||| UPGRADING to +0 tower shield.
 10600 | Lair:1   | 10600 ||| DROPPING +0 buckler.
 10601 | Lair:1   | 10601 ||| READING 2 scrolls labelled WAASAE CEURU.
 10602 | Lair:1   | 10602 ||| DROPPING scroll of amnesia.
 10607 | Lair:2   | 10607 ||| INVOKING Heroism.
 10612 | Lair:2   | Reached skill level 7 in Shields
 10683 | Lair:2   | 10683 ||| Stepping ~*~*~tactically~*~*~ (stealth).
 10686 | Lair:2   | 10686 ||| Stepping ~*~*~tactically~*~*~ (stealth).
 10838 | Lair:2   | Reached skill level 1 in Throwing
 10942 | Lair:2   | Found a staircase to the Shoals.
 10972 | Lair:2   | 10972 ||| INVOKING Heroism.
 11127 | Lair:2   | Reached skill level 8 in Shields
 11192 | Lair:2   | 11192 ||| INVOKING Heroism.
 11492 | Lair:2   | Found a runed translucent gate.
 11493 | Lair:2   | Found a runed translucent gate.
 11494 | Lair:2   | Found a runed translucent gate.
 11517 | Lair:2   | Found a viscous altar of Jiyva.
 11517 | Lair:2   | Noticed qw's ghost (journeyman MiHu)
 11779 | Lair:2   | 11779 ||| READING scroll labelled IREONO ELOEDOU.
 11790 | Lair:3   | Noticed a skyshark
 11791 | Lair:3   | 11791 ||| INVOKING Heroism.
 11797 | Lair:3   | Killed a skyshark
 11798 | Lair:3   | Reached skill level 9 in Shields
 11986 | Lair:3   | Received a gift from Okawaru
 11987 | Lair:3   | Reached skill level 10 in Shields
 12009 | Lair:3   | 12009 ||| Stepping ~*~*~tactically~*~*~ (stealth).
 12011 | Lair:3   | 12011 ||| Stepping ~*~*~tactically~*~*~ (stealth).
 12025 | Lair:3   | Noticed a seven-headed hydra
 12026 | Lair:3   | 12026 ||| INVOKING Heroism.
 12030 | Lair:3   | 12030 ||| INVOKING Finesse.
 12035 | Lair:3   | 12035 ||| SWAPPING to +1 morningstar.
 12039 | Lair:3   | Killed a seven-headed hydra
 12040 | Lair:3   | 12040 ||| SWAPPING to +6 war axe of protection.
 12060 | Lair:3   | 12060 ||| Stepping ~*~*~tactically~*~*~ (stealth).
 12070 | Lair:3   | 12070 ||| Stepping ~*~*~tactically~*~*~ (stealth).
 12071 | Lair:3   | 12071 ||| Stepping ~*~*~tactically~*~*~ (stealth).
 12072 | Lair:3   | 12072 ||| Stepping ~*~*~tactically~*~*~ (stealth).
 12349 | Lair:3   | Found a hole to the Spider Nest.
 12350 | Lair:3   | 12350 ||| INVOKING Finesse.
 12354 | Lair:3   | 12354 ||| DROPPING ring of magical power.
 12697 | Lair:3   | 12697 ||| INVOKING Heroism.
 12851 | Lair:4   | 12851 ||| INVOKING Heroism.
 12852 | Lair:4   | 12852 ||| Stepping ~*~*~tactically~*~*~ (stealth).
 12858 | Lair:4   | Reached skill level 11 in Shields
 12887 | Lair:4   | Reached skill level 12 in Shields
 12887 | Lair:4   | Reached XP level 13. HP: 22/80 MP: 20/20
 13129 | Lair:4   | Noticed Sonja
 13132 | Lair:4   | 13132 ||| INVOKING Finesse.
 13136 | Lair:4   | 13136 ||| INVOKING Heroism.
 13157 | Lair:4   | Killed Sonja
 13202 | Lair:4   | Noticed Rupert
 13203 | Lair:4   | 13203 ||| INVOKING Heroism.
 13204 | Lair:4   | 13204 ||| INVOKING Finesse.
 13205 | Lair:4   | Paralysed by Rupert for 2 turns
 13233 | Lair:4   | Killed Rupert
 13234 | Lair:4   | Reached skill level 13 in Shields
 13658 | Lair:4   | 13658 ||| INVOKING Heroism.
 14023 | Lair:4   | 14023 ||| READING scroll labelled WEBLAFY FERI.
 14137 | Lair:5   | Entered Level 5 of the Lair of Beasts
 14138 | Lair:5   | 14138 ||| INVOKING Heroism.
 14139 | Lair:5   | 14139 ||| INVOKING Finesse.
 14140 | Lair:5   | 14140 ||| SWAPPING to +1 morningstar.
 14151 | Lair:5   | 14151 ||| SWAPPING to +6 war axe of protection.
 14192 | Lair:5   | Reached skill level 14 in Shields
 14216 | Lair:5   | 14216 ||| INVOKING Heroism.
 14229 | Lair:5   | Reached skill level 12 in Axes
 14319 | Lair:5   | Found a staircase to the Slime Pits.
 14319 | Lair:5   | Found a viscous altar of Jiyva.
 14342 | Lair:5   | 14342 ||| Stepping ~*~*~tactically~*~*~ (stealth).
 14346 | Lair:5   | 14346 ||| Stepping ~*~*~tactically~*~*~ (stealth).
 14375 | Lair:5   | 14375 ||| Stepping ~*~*~tactically~*~*~ (stealth).
 14399 | Lair:5   | 14399 ||| INVOKING Heroism.
 14450 | Lair:5   | 14450 ||| INVOKING Heroism.
 14458 | Lair:5   | Reached skill level 9 in Armour
 14506 | Lair:5   | Noticed a dire elephant
 14506 | Lair:5   | Noticed a dire elephant
 14506 | Lair:5   | Noticed a dire elephant
 14508 | Lair:5   | 14508 ||| INVOKING Heroism.
 14509 | Lair:5   | 14509 ||| INVOKING Finesse.
 14576 | Lair:5   | 14576 ||| INVOKING Heroism.
 14583 | Lair:5   | 14583 ||| INVOKING Finesse.
 14588 | Lair:5   | Received a gift from Okawaru
 14653 | Lair:5   | 14653 ||| SWAPPING to +0 heavy broad axe.
 14654 | Lair:5   | 14654 ||| DROPPING +6 war axe of protection.
 14679 | Lair:5   | 14679 ||| INVOKING Heroism.
 14803 | Lair:5   | 14803 ||| Stepping ~*~*~tactically~*~*~ (hiding).
 14852 | Lair:5   | 14852 ||| INVOKING Heroism.
 14969 | Lair:5   | Gained mutation: Your large and strong wings let you fly.
                  | [Gargoyle growth]
 14969 | Lair:5   | Reached XP level 14. HP: 56/88 MP: 21/21
 14969 | Lair:5   | 14969 ||| INVOKING Heroism.
 15180 | Lair:5   | 15180 ||| FLEEEEING.
 15267 | Lair:5   | Received a gift from Okawaru
 15267 | Lair:5   | Found the +8 orange crystal plate armour {Archmagi, Int+3
                  | Clar}
 15340 | Lair:5   | 15340 ||| INVOKING Heroism.
 15341 | Lair:5   | 15341 ||| INVOKING Finesse.
 15345 | Lair:5   | 15345 ||| SWAPPING to +1 morningstar.
 15356 | Lair:5   | 15356 ||| SWAPPING to +0 heavy broad axe.
 15384 | Lair:5   | 15384 ||| INVOKING Heroism.
 15401 | Lair:5   | Reached skill level 15 in Shields
 15648 | Lair:5   | 15648 ||| INVOKING Heroism.
 15649 | Lair:5   | 15649 ||| SWAPPING to +1 morningstar.
 15650 | Lair:5   | 15650 ||| INVOKING Finesse.
 15658 | Lair:5   | 15658 ||| SWAPPING to +0 heavy broad axe.
 15960 | Lair:5   | Noticed a dire elephant
 15961 | Lair:5   | 15961 ||| INVOKING Heroism.
 15968 | Lair:5   | Killed a dire elephant
 16058 | Lair:5   | 16058 ||| INVOKING Heroism.
 16064 | Lair:5   | Killed a dire elephant
 16078 | Lair:5   | Killed a dire elephant
 16084 | Lair:5   | 16084 ||| INVOKING Heroism.
 16086 | Lair:5   | HP: 17/85 [dire elephant (15)]
 16087 | Lair:5   | 16087 ||| READING 7 scrolls of teleportation.
 16088 | Lair:5   | 16088 ||| DRINKING 2 potions of heal wounds.
 16336 | Lair:5   | 16336 ||| INVOKING Heroism.
 16343 | Lair:5   | Killed a dire elephant
 16422 | Lair:5   | 16422 ||| INVOKING Heroism.
 16695 | Lair:5   | 16695 ||| PLANNING D:1-11
 16695 | Lair:5   | 16695 ||| UPGRADING to +8 orange crystal plate armour
                  | {Archmagi, Int+3 Clar}.
 16705 | Lair:5   | 16705 ||| DROPPING +0 plate armour.
 16706 | Lair:5   | 16706 ||| READING scroll labelled WIEMEZXUSA.
 16834 | D:10     | Entered Level 10 of the Dungeon
 16893 | D:10     | Found a staircase to the Orcish Mines.
 16909 | D:10     | 16909 ||| FLEEEEING.
 16910 | D:10     | 16910 ||| FLEEEEING.
 16911 | D:10     | 16911 ||| FLEEEEING.
 16912 | D:10     | 16912 ||| FLEEEEING.
 16913 | D:10     | 16913 ||| FLEEEEING.
 16914 | D:10     | 16914 ||| FLEEEEING.
 16915 | D:10     | 16915 ||| FLEEEEING.
 16916 | D:10     | 16916 ||| FLEEEEING.
 16917 | D:10     | 16917 ||| FLEEEEING.
 16918 | D:10     | 16918 ||| FLEEEEING.
 16919 | D:10     | 16919 ||| FLEEEEING.
 16920 | D:10     | 16920 ||| FLEEEEING.
 16921 | D:10     | 16921 ||| FLEEEEING.
 16922 | D:10     | 16922 ||| FLEEEEING.
 16923 | D:10     | 16923 ||| FLEEEEING.
 16924 | D:10     | 16924 ||| FLEEEEING.
 16925 | D:10     | 16925 ||| STAIRDANCE
 16991 | D:10     | 16991 ||| Stepping ~*~*~tactically~*~*~ (hiding).
 17038 | D:10     | 17038 ||| Stepping ~*~*~tactically~*~*~ (stealth).
 17039 | D:10     | 17039 ||| Stepping ~*~*~tactically~*~*~ (stealth).
 17040 | D:10     | 17040 ||| Stepping ~*~*~tactically~*~*~ (stealth).
 17112 | D:10     | 17112 ||| Stepping ~*~*~tactically~*~*~ (hiding).
 17113 | D:10     | 17113 ||| Stepping ~*~*~tactically~*~*~ (hiding).
 17114 | D:10     | 17114 ||| Stepping ~*~*~tactically~*~*~ (hiding).
 17337 | D:10     | Found a runed translucent door.
 17337 | D:10     | Noticed qw's ghost (journeyman GrFi)
 17412 | D:10     | Found a faded altar of an unknown god.
 17431 | D:10     | Identified the +5 quarterstaff of the Crawling Thing
                  | {heavy, Dex+2}
 17609 | D:10     | 17609 ||| Stepping ~*~*~tactically~*~*~ (hiding).
 17620 | D:10     | 17620 ||| FLEEEEING.
 17621 | D:10     | 17621 ||| FLEEEEING.
 17848 | D:10     | 17848 ||| DROPPING ring of wizardry.
 17849 | D:10     | 17849 ||| DRINKING 2 bubbling brown potions.
 17879 | D:11     | 17879 ||| Stepping ~*~*~tactically~*~*~ (stealth).
 17881 | D:11     | 17881 ||| Stepping ~*~*~tactically~*~*~ (hiding).
 17935 | D:11     | 17935 ||| Stepping ~*~*~tactically~*~*~ (stealth).
 17936 | D:11     | 17936 ||| Stepping ~*~*~tactically~*~*~ (stealth).
 18255 | D:11     | 18255 ||| READING scroll of enchant weapon.
 18255 | D:11     | 18255 ||| ENCHANTING +0 heavy broad axe.
 18641 | D:11     | 18641 ||| PLANNING D
 18641 | D:11     | 18641 ||| READING scroll labelled IFAULO JEAGH.
 18674 | D:12     | Identified the +3 rapier of Pride {drain, Drain rPois rC+
                  | Str+7} (Okawaru gifted it to you on level 12 of the
                  | Dungeon)
 18674 | D:12     | Received a gift from Okawaru
 18741 | D:12     | 18741 ||| READING scroll of enchant armour.
 18741 | D:12     | 18741 ||| ENCHANTING +1 helmet.
 18769 | D:12     | 18769 ||| Stepping ~*~*~tactically~*~*~ (stealth).
 18791 | D:12     | 18791 ||| Stepping ~*~*~tactically~*~*~ (stealth).
 18917 | D:12     | 18917 ||| INVOKING Heroism.
 18918 | D:12     | 18918 ||| INVOKING Finesse.
 19057 | D:12     | 19057 ||| INVOKING Heroism.
 19153 | D:12     | Reached skill level 3 in Throwing
 19162 | D:12     | Reached XP level 15. HP: 85/92 MP: 22/22
 19227 | D:12     | 19227 ||| READING scroll of enchant armour.
 19227 | D:12     | 19227 ||| ENCHANTING +0 pair of boots.
 19312 | D:12     | Reached skill level 12 in Armour
 19453 | D:12     | 19453 ||| INVOKING Heroism.
 19459 | D:12     | HP: 18/92 [troll (7)]
 19459 | D:12     | Killed from afar by a deep elf pyromancer

Levels and vault maps discovered:
D:1:      beargit_arrival_greenhouse, layout_loops_ring
D:2:      layout_basic, st_stairs_9, amcnicky_mini_pool_small, uniq_jessica,
          uniq_sigmund
D:3:      layout_basic, mainiacjoe_overflow_six_doors_small,
          nicolae_ru_awakened_eye, grunt_temple_overflow_cloverleaf
D:4:      layout_cave_pools, serial_shops, shop, minmay_circle_x
D:5:      layout_loops_ring, lemuel_round_altar, lemuel_tele_altar,
          mainiacjoe_overflow_alcove_4, minmay_temple_entry_water_ring,
          serial_shops, shop, enter_ossuary_4, moated_statue,
          kennysheep_generic_room_3, uniq_edmund
D:6:      layout_loops_ring, kennysheep_slug_shrine, serial_shops,
          nicolae_shop_window_shopping
D:7:      layout_basic, serial_aquarium, aquarium_bridge_island_small
          [aquarium_subvault_small_water, aquarium_subvault_wall,
          aquarium_subvault_balcony, aquarium_subvault_bridge,
          aquarium_subvault_bridge], aquarium_window_1, aquarium_window_fake,
          aquarium_view_2d, aquarium_pool_2, serial_shops,
          nicolae_shop_tiny_real_fake_doors
D:8:      layout_loops_corners, uniq_joseph, uniq_gastronok
D:9:      layout_stronghold, kennysheep_mini, nicolae_yredelemnul_corpse_copse,
          dpeg_oklobed_lair, biasface_ghost_orc_armoury
D:10:     layout_irregular_city, erik_orc_4, serial_column_ruins,
          column_ruins_temple_hut, column_ruins_corridor_straight,
          column_ruins_open_tiny, column_ruins_corridor_corner,
          gammafunk_ghost_grave, minmay_pinched_square
D:11:     layout_irregular_city
D:12:     layout_layer_cave, introduction_to_nature_1
Temple:   eino_temple_lava
Lair:1:   layout_roguey, portal_ice_cave_entry_pillars_1,
          nicolae_quartered_pool_impasse, serial_bayou_pond_d,
          chequers_serial_rivers_small_a
Lair:2:   layout_hall_layers, elwin_shoals_entry_rooms, gammafunk_ghost_ooze,
          minmay_holes
Lair:3:   layout_hall_layers, nicolae_spider_entry_orb_guardian,
          serial_bayou_lake_a, infiniplex_staircase_pool
Lair:4:   layout_regular_city, grunt_megastairs_4, uniq_rupert, uniq_sonja
Lair:5:   due_jungle_book, layout_gridlike, minmay_slime_entry_jelly_boxes,
          wad_woods_river_01

Skill      XL: |  1  2  3  4  5  6  7  8  9 10 11 12 13 14 15 |
---------------+----------------------------------------------+-----
Axes           | 2 3 5 6 7 9 10 11 12 13 | 13.7
Fighting       | 4 5 6 7 8 9 10 | 10.0
Dodging        | 1 2 |  2.1
Invocations    | 2 4 5 9 10 | 10.0
Shields        | 4 6 12 14 15 | 15.0
Armour         | 6 7 8 9 11 12 | 12.0
Throwing       | 1 3 4 |  4.0

Action                     |  1- 3 |  4- 6 |  7- 9 | 10-12 | 13-15 || total
---------------------------+-------+-------+-------+-------+-------++-------
  Melee: War axe           |    97 |   101 |   270 |   567 |   179 ||  1214
         Morningstar       |       |       |       |     4 |    27 ||    31
         Broad axe         |       |       |       |       |   406 ||   406
  Throw: Boomerang         |       |       |       |    26 |    11 ||    37
         Javelin           |       |       |       |    13 |    13 ||    26
 Invoke: Heroism           |       |       |     4 |    19 |    23 ||    46
         Finesse           |       |       |       |     3 |     8 ||    11
    Use: Scroll            |       |     5 |    13 |     5 |     7 ||    30
         Potion            |       |       |     4 |       |     2 ||     6
   Stab: Petrified         |       |       |       |     2 |       ||     2
 Armour: Scale mail        |    65 |    39 |   106 |       |       ||   210
         Plate armour      |       |       |    50 |   368 |   224 ||   642
         Crystal plate arm |       |       |       |       |   205 ||   205
  Dodge: Dodged            |    69 |    46 |    98 |   167 |   128 ||   508
         Repelled          |       |       |       |     1 |     6 ||     7
  Block: Buckler           |    21 |    19 |    53 |    85 |       ||   178
         Tower shield      |       |       |       |   141 |   613 ||   754

Table legend:
 A = Non-vault XP
 B = Vault XP
 C = Vault XP percentage of total XP
 D = Non-vault monster count
 E = Vault monster count
 F = Vault count percentage of total count
                 A         B        C        D         E       F
            +---------+---------+-------+---------+---------+-------
      Total |   53395 |   34507 |  39.3 |     343 |     144 |  29.6
            +---------+---------+-------+---------+---------+-------
        D:1 |      58 |       0 |   0.0 |      33 |       0 |   0.0
        D:2 |     111 |     277 |  71.4 |      21 |       4 |  16.0
        D:3 |      14 |       0 |   0.0 |       8 |       0 |   0.0
        D:4 |     330 |     178 |  35.0 |      19 |       6 |  24.0
        D:5 |     361 |     124 |  25.6 |      11 |       4 |  26.7
        D:6 |     954 |       0 |   0.0 |      23 |       0 |   0.0
        D:7 |    1499 |       0 |   0.0 |      12 |       0 |   0.0
        D:8 |    2565 |    1926 |  42.9 |      29 |       2 |   6.5
        D:9 |    3018 |    1799 |  37.3 |      21 |       9 |  30.0
       D:10 |    1224 |    5607 |  82.1 |      17 |      32 |  65.3
       D:11 |    2342 |       0 |   0.0 |      14 |       0 |   0.0
       D:12 |    4879 |    1588 |  24.6 |       9 |      19 |  67.9
     Lair:1 |    6297 |       0 |   0.0 |      28 |       0 |   0.0
     Lair:2 |    4055 |     623 |  13.3 |      17 |       2 |  10.5
     Lair:3 |    4242 |       0 |   0.0 |      19 |       0 |   0.0
     Lair:4 |    2341 |    5906 |  71.6 |       9 |      11 |  55.0
     Lair:5 |   19105 |   16178 |  45.9 |      53 |      39 |  42.4
    Ossuary |       0 |     301 | 100.0 |       0 |      16 | 100.0
            +---------+---------+-------+---------+---------+-------
